 Dungeon Crawl Stone Soup version 0.25-a0-510-ge065f6de7d (webtiles) character file.

Game seed: 10771801617050288461, levelgen mode: deterministic

4 drasked the Magician (level 1, 0/10 HPs)
             Began as a Deep Elf Wizard on Feb 16, 2020.
             Slain by a hobgoblin (4 damage)
             ... on level 1 of the Dungeon.
             The game lasted 00:02:03 (176 turns).

drasked the Magician (Deep Elf Wizard)               Turns: 176, Time: 00:02:03

Health: 0/10       AC:  2    Str:  4    XL:     1   Next: 58%
Magic:  2/7        EV: 13    Int: 22    God:
Gold:   17         SH:  0    Dex: 13    Spells: 7/8 levels left

rFire    . . .     SeeInvis .   (no weapon)
rCold    . . .     Gourm    .   (no shield)
rNeg     . . .     Faith    .   a - +0 robe
rPois    .         Spirit   .   b - +0 hat
rElec    .         Reflect  .   (no cloak)
rCorr    .         Harm     .   (no gloves)
MR       .....                  (no boots)
Stlth    ++........             (no amulet)
HPRegen  0.03/turn              (no ring)
MPRegen  0.10/turn              (no ring)

@: no status effects
A: no striking features
a: no special abilities


You were on level 1 of the Dungeon.
You were not hungry.

You visited 1 branch of the dungeon, and saw 1 of its levels.

You collected 17 gold pieces.

Inventory:

Armour
 a - a +0 robe (worn)
 b - a +0 hat (worn)
Scrolls
 c - a scroll of identify {unknown}
Potions
 d - a potion of degeneration {unknown}
Comestibles
 e - a ration


   Skills:
 - Level 2.4 Dodging
 - Level 2.4 Stealth
 - Level 4.4 Spellcasting
 + Level 1.9 Conjurations
   Level 1.1 Summonings
   Level 1.1 Translocations


You had 7 spell levels left.
You knew the following spells:

 Your Spells              Type           Power        Failure   Level  Hunger
a - Magic Dart            Conj           ##..         4%          1    None

Your spell library contained the following spells:

 Spells                   Type           Power        Failure   Level  Hunger
 Blink                    Tloc           N/A          11%         2    #......
 Call Imp                 Summ           #.......     11%         2    #......
 Slow                     Hex            #.......     16%         2    #......
 Conjure Flame            Conj/Fire      #.......     22%         3    ##.....
 Mephitic Cloud           Conj/Pois/Air  #.......     26%         3    ##.....


Dungeon Overview and Level Annotations

Branches:
Dungeon (1/15)

Altars:


Message History

The kobold throws a stone.
The stone misses you.
A giant cockroach comes into view.
Aim: a kobold, wielding a +0 dagger (severely wounded)
The magic dart hits the kobold.
You kill the kobold!
* * * LOW MAGIC WARNING * * *
The giant cockroach waves its antennae.
The giant cockroach bites you but does no damage.
A hobgoblin comes into view.
You see here a scroll labeled BOAQAEJURO.
A kobold comes into view. It is wielding a +0 short sword.
The giant cockroach bites you but does no damage.
The giant cockroach closely misses you.
The giant cockroach bites you but does no damage.
Your magical contamination has completely faded away.
The giant cockroach barely misses you. The giant cockroach barely misses you.
The giant cockroach bites you but does no damage.
A hobgoblin comes into view. It is wielding a +0 club.
The hobgoblin shouts!
A giant cockroach comes into view.
The giant cockroach misses you.
A kobold comes into view. It is wielding a +0 dagger.
You see here 14 gold pieces.
The giant cockroach closely misses you. The giant cockroach closely misses you.
The giant cockroach bites you. The giant cockroach misses you.
The giant cockroach closely misses you.
A bat comes into view.
The bat moves out of view.
The giant cockroach barely misses you.
The hobgoblin shouts!
You hear a shout!
The giant cockroach bites you.
* * * LOW HITPOINT WARNING * * *
A rat comes into view.
Aim: a giant cockroach The magic dart hits the giant cockroach.
The giant cockroach misses you.
Aim: a giant cockroach (severely wounded)
The magic dart hits the giant cockroach.
You kill the giant cockroach!
The giant cockroach misses you.
Aim: a giant cockroach The magic dart hits the giant cockroach but does no damage.
The giant cockroach bites you but does no damage.
Aim: a giant cockroach The magic dart hits the giant cockroach.
The giant cockroach barely misses you.
Aim: a giant cockroach (moderately wounded)
The magic dart hits the giant cockroach but does no damage.
The giant cockroach misses you.
Aim: a giant cockroach (moderately wounded)
The magic dart hits the giant cockroach.
You kill the giant cockroach!
* * * LOW MAGIC WARNING * * *
The hobgoblin hits you.
* * * LOW HITPOINT WARNING * * *
The bat hits you.
* * * LOW HITPOINT WARNING * * *
You see here a ration.
The bat closely misses you. x2
The bat hits you but does no damage. The bat barely misses you.
The bat closely misses you. The bat barely misses you. The bat misses you.
Aim: a bat The magic dart hits the bat.
You kill the bat!
Aim: a hobgoblin The magic dart hits the hobgoblin.
The hobgoblin hits you but does no damage.
Aim: a hobgoblin (lightly wounded)
The magic dart hits the hobgoblin but does no damage.
* * * LOW MAGIC WARNING * * *
The hobgoblin hits you but does no damage.
Aim: a hobgoblin (lightly wounded)
The magic dart hits the hobgoblin but does no damage.
* * * LOW MAGIC WARNING * * *
The hobgoblin barely misses you.
You see here a leather armour.
The rat twitches its whiskers.
You see here a ration.
The kobold shouts!
You hear a shout!
The kobold throws a stone.
The stone barely misses you.
You see here a stone.
The kobold throws a stone.
The stone closely misses you.
You see here a stone.
The kobold throws a stone.
The stone barely misses you.
The kobold throws a stone.
The stone hits you.
* * * LOW HITPOINT WARNING * * *
You see here a stone.
Things that are here:
a giant cockroach corpse x2
Aim: a hobgoblin (lightly wounded)
The magic dart hits the hobgoblin.
Aim: a hobgoblin (severely wounded)
The magic dart hits the hobgoblin but does no damage.
The hobgoblin hits you.
You die...

..g###.# #r# ##...##
...###.###.# #g#..# ####
....##.#.?.# #.#..# #. #...##
..g.##....## #.g..# #.#.K...##
....###.gK###
##K..###.....)..#
....##..#...# #....# ........#
.....[.####.# #..#...........#
######.....r#####.#####......#
..........Kgg@............##
###.##########.#####......?#
#.# #.......gg$........ ...
..........!........(. #.#
###.................. .#
#..[..(....##...###
#..........# #### #..?.......#
#......$...#


You could see 2 hobgoblins, a kobold and a rat.

Levels and vault maps discovered:
D:1:      scummos_arrival_gate, layout_rooms

Notes
Turn   | Place    | Note
-------+----------+-------------------------------------------
     0 | D:1      | drasked the Deep Elf Wizard began the quest for the Orb.
     0 | D:1      | Reached XP level 1. HP: 10/10 MP: 7/7
    32 | D:1      | Identified a +0 dagger
    33 | D:1      | Identified a +0 club
    50 | D:1      | Identified a cursed +0 short sword
    62 | D:1      | Identified a +0 club
    67 | D:1      | Identified a +0 dagger
   176 | D:1      | Slain by a hobgoblin

Table legend:
 A = Turns spent in this place as a percentage of turns spent in the entire game.
 B = Non-inter-level travel turns spent in this place as a percentage of non-inter-level travel turns spent in the entire game.
 C = Inter-level travel turns spent in this place as a percentage of turns spent in this place.
 D = Turns resting spent in this place as a percentage of non-inter-level travel turns spent in this place.
 E = Turns spent auto-exploring this place as a percentage of non-inter-level travel turns spent in this place.
 F = Non-inter-level travel turns spent in this place divided by the number of levels of this place that you've seen.
                   A       B       C       D       E      F
               +-------+-------+-------+-------+-------+----------------------
         Total | 100.0 | 100.0 |   0.0 |   0.0 |  17.0 | 176.0
       Dungeon | 100.0 | 100.0 |   0.0 |   0.0 |  17.0 | 176.0
               +-------+-------+-------+-------+-------+----------------------

Table legend:
 A = Kills in this place as a percentage of kills in entire the game.
 B = Kills by you in this place as a percentage of kills by you in the entire game.
 C = Kills by friends in this place as a percentage of kills by friends in the entire game.
 D = Other kills in this place as a percentage of other kills in the entire game.
 E = Experience gained in this place as a percentage of experience gained in the entire game.
 F = Experience gained in this place divided by the number of levels of this place that you have seen.
                   A       B       C       D       E      F
               +-------+-------+-------+-------+-------+----------------------
         Total | 100.0 | 100.0 |   N/A |   N/A | 100.0 |   7.0
       Dungeon | 100.0 | 100.0 |   N/A |   N/A | 100.0 |   7.0
               +-------+-------+-------+-------+-------+----------------------

Action                   || total
-------------------------++-------
 Cast: Magic Dart        ||    18
Armor: Robe              ||     8
Dodge: Dodged            ||    26

Vanquished Creatures
  2 giant cockroaches (D:1)
  A kobold (D:1)
  A bat (D:1)
4 creatures vanquished.
